 Dungeon Crawl Stone Soup version 0.18.1-48-g4cf74bf (webtiles) character file.

83 dearth the Skirmisher (level 4, -2/42 HPs)
             Began as a Minotaur Fighter on Aug 7, 2016.
             Slain by an orc
             ... wielding a +0 war axe
              (3 damage)
             ... on level 2 of the Dungeon.
             The game lasted 00:05:13 (1816 turns).

dearth the Skirmisher (Minotaur Fighter)            Turns: 1816, Time: 00:05:15

Health: -2/42      AC:  7    Str: 21    XL:     4   Next: 22%
Magic:  12/12      EV:  7    Int:  5    God:
Gold:   69         SH:  9    Dex: 10    Spells: 0 memorised, 3 levels left

rFire  . . .     SeeInvis .     a - +0 flail
rCold  . . .     Gourm    .     b - +0 scale mail
rNeg   . . .     Faith    .     c - +0 shield
rPois  .         Spirit   .     (helmet restricted)
rElec  .         Dismiss  .     (no cloak)
rCorr  .         Reflect  .     (no gloves)
SustAt .         Harm     .     (no boots)
MR     .....                    o - amulet of regeneration
Stlth  ..........               (no ring)
                                l - ring of magical power

@: not resistant to hostile enchantments, extremely unstealthy
A: retaliatory headbutt, horns 2
a: no special abilities


You were on level 2 of the Dungeon.
You were not hungry.

You visited 1 branch of the dungeon, and saw 3 of its levels.

You collected 69 gold pieces.

Inventory:

Hand Weapons
 a - a +0 flail (weapon)
Missiles
 e - 4 javelins (quivered)
Armour
 b - a +0 scale mail (worn)
 c - a +0 shield (worn)
Jewellery
 l - a ring of magical power (left hand)
 o - an amulet of regeneration (around neck)
Scrolls
 g - a scroll of amnesia {unknown}
 i - a scroll of identify {unknown}
 j - a scroll of noise {unknown}
 m - 2 scrolls of remove curse {unknown}
Potions
 d - a potion of might
 k - 2 potions of cure mutation {unknown}
 n - a potion of mutation {unknown}
 p - a potion of heal wounds {unknown}
Comestibles
 f - 2 bread rations
 h - 2 meat rations


   Skills:
 + Level 5.0 Fighting
 + Level 4.1 Maces & Flails
 - Level 3.7 Armour
 - Level 3.7 Shields


You had 3 spell levels left.
You didn't know any spells.

Dungeon Overview and Level Annotations

Branches:
Dungeon (3/15)

Altars:

Annotations:
D:3 Grinder


Innate Abilities, Weirdness & Mutations

You reflexively headbutt those who attack you in melee.
You have a pair of horns on your head.


Message History

You block the hobgoblin's attack.
You barely miss the orc. You block the hobgoblin's attack.
You block the orc's attack. The hobgoblin barely misses you.
You hit the orc but do no damage. Your headbutt misses the orc.
The orc hits you with a war axe.
The hobgoblin hits you but does no damage.
Unknown command.
You hit the orc but do no damage. The orc hits you with a war axe.
The hobgoblin hits you.
* * * LOW HITPOINT WARNING * * *
You closely miss the orc. The orc hits you but does no damage.
You block the hobgoblin's attack.
Unknown command.
You hit the orc.
The orc is severely wounded.
The orc hits you with a war axe!
* * * LOW HITPOINT WARNING * * *
The hobgoblin hits you but does no damage.
The hobgoblin completely misses you. The orc hits you with a war axe.
You die...

# #.#.# # #.#.#
# #.#.# # #.#.#
#
############.#g#
#
#............#o#
#
#.############o#
# #.# #######g#
# #.# #...goo@#
# #.# #.#######
###.# #.# ....#
#.# ..########.#
#..........#
############


You could see a gnoll, 4 orcs, a hobgoblin and a goblin.

Vanquished Creatures
  3 worms
  3 dart slugs (D:1)
  2 giant geckos
  3 giant cockroaches
  6 goblins
  7 hobgoblins
  10 jackals
  7 kobolds
  A quokka (D:2)
  11 bats
  A giant newt (D:1)
  8 rats
62 creatures vanquished.

Notes
Turn   | Place    | Note
--------------------------------------------------------------
     0 | D:1      | dearth the Minotaur Fighter began the quest for the Orb.
     0 | D:1      | Reached XP level 1. HP: 19/19 MP: 0/0
    52 | D:1      | Reached XP level 2. HP: 24/27 MP: 1/1
   117 | D:1      | Reached skill level 4 in Fighting
   640 | D:1      | Reached XP level 3. HP: 33/33 MP: 2/2
  1434 | D:2      | Reached XP level 4. HP: 41/41 MP: 3/3
  1693 | D:3      | Noticed Grinder
  1708 | D:3      | Reached skill level 5 in Fighting
  1816 | D:2      | HP: 1/42 [orc/war axe (10)]
  1816 | D:2      | Slain by an orc

Skill      XL: |  1  2  3  4 |
---------------+-------------+-----
Maces & Flails | 3 4 |  4.1
Fighting       | 4 5 |  5.0
Armour         | |  3.7
Shields        | |  3.7

Action                   |  1- 3 |  4- 6 || total
-------------------------+-------+-------++-------
Melee: Flail             |   121 |    27 ||   148
       Headbutt          |    16 |     4 ||    20
  Eat: Chunk             |     1 |     2 ||     3
Armor: Scale mail        |    79 |    12 ||    91
Dodge: Dodged            |    48 |    10 ||    58
Block: Shield            |    77 |    19 ||    96
